 Dungeon Crawl Stone Soup version 0.27.0-1-g7a089689b8 (webtiles) character file.

Game seed: 10385720456224350433

226 RepoMan the Vexing (level 5, -2/38 HPs)
             Began as a Mummy Enchanter on Aug 9, 2021.
             Was a Follower of Uskayaw.
             Slain by a black bear (5 damage)
             ... on level 4 of the Dungeon.
             The game lasted 00:18:15 (4230 turns).

RepoMan the Vexing (Mummy Enchanter)                Turns: 4230, Time: 00:18:16

Health: -2/38      AC:  3    Str: 11    XL:     5   Next: 69%
Magic:  1/10       EV: 16    Int: 15    God:    Uskayaw [*.....]
Gold:   45         SH:  5    Dex: 13    Spells: 6/11 levels left

rFire    x . .     SeeInvis .   a - +1 dagger
rCold    + . .     Faith    .   (no shield)
rNeg     + + +     Spirit   .   b - +0 robe
rPois    ∞         Reflect  +   (no helmet)
rElec    .         Harm     .   (no cloak)
rCorr    .         Rampage  .   h - +0 pair of gloves
Will     .....                  (no boots)
Stlth    ++........             k - amulet of reflection
HPRegen  0.12/turn              l - +4 ring of evasion
MPRegen  0.12/turn              (no ring)

@: no status effects
A: cold resistance 1, negative energy resistance 3, torment resistance 2, heat
vulnerability 1, no potions
a: Renounce Religion, Stomp


You were on level 4 of the Dungeon.
You worshipped Uskayaw.
Uskayaw was noncommittal.
You visited 1 branch of the dungeon, and saw 4 of its levels.

You collected 149 gold pieces.
You spent 104 gold pieces at shops.

Inventory:

Hand Weapons
 a - a +1 dagger (weapon)
 c - a +0 hunting sling
 n - a +0 falchion
Missiles
 g - 63 stones
Armour
 b - a +0 robe (worn)
 d - a +0 leather armour
 h - a +0 pair of gloves (worn)
 j - a +0 buckler
Jewellery
 k - an amulet of reflection (around neck)
 l - a +4 ring of evasion (left hand)
Scrolls
 e - 2 scrolls of fear
 f - 2 scrolls of teleportation
 i - a scroll of immolation
 o - a scroll of holy word {unknown}
 p - a scroll of enchant armour {unknown}
 q - a scroll of blinking


   Skills:
 + Level 1.7 Fighting
 + Level 1.9 Short Blades
 - Level 1.5 Dodging
 + Level 3.5 Stealth
 + Level 3.8 Spellcasting
 * Level 3.9 Hexes


You had 6 spell levels left.
You knew the following spells:

 Your Spells              Type           Power      Damage    Failure   Level
c - Corona                Hex            15%        N/A       3%          1
s - Slow                  Hex            14%        N/A       5%          2
z - Ensorcelled Hibernat  Hex/Ice        16%        N/A       12%         2

Your spell library contained the following spells:

 Spells                   Type           Power      Damage    Failure   Level
 Confusing Touch          Hex            14%        N/A       11%         3
 Tukima's Dance           Hex            14%        N/A       11%         3
 Dazzling Flash           Conj/Hex       16%        N/A       24%         3
 Yara's Violent Unravell  Hex/Tmut       4%         3d4       92%         5
 Summon Hydra             Summ           1%         N/A       100%        7
 Sublimation of Blood     Necr           Unusable   N/A       N/A         2
 Wereblood                Tmut           Unusable   N/A       N/A         2

Dungeon Overview and Level Annotations

Branches:
Dungeon (4/15)
 Temple: D:4-7

Altars:
Cheibriados
Qazlal
Sif Muna
Uskayaw
Zin

Shops:
D:3 ?


Innate Abilities, Weirdness & Mutations

You are immune to poison.
Your flesh is cold resistant. (rC+)
You are immune to negative energy. (rN+++)
You are immune to unholy pain and torment.
You are vulnerable to heat. (rF-)
You do not drink.


Message History

The black bear misses you. The black bear claws you.
You block the black bear's attack. The black bear bites you!
The black bear claws you. You block the black bear's attack.
You can now stomp with the beat.
Unknown command.
Unknown command.
You aren't carrying any items that you can evoke.
Unknown command.
You hit the black bear.
The black bear is almost dead.
You block the black bear's attack. The black bear misses you.
The black bear barely misses you.
You barely miss the black bear.
The black bear is almost dead.
The black bear bites you but does no damage.
The black bear barely misses you. The black bear closely misses you.
You hit the black bear but do no damage.
The black bear is severely wounded.
The black bear barely misses you. x2; The black bear claws you.
The black bear misses you. The black bear claws you.
The black bear closely misses you.
Unknown command.
Unknown command.
Okay, then.
Okay, then.
Unknown command.
You can't drink.
Unknown command.
As you read the scroll of fear, it crumbles to dust.
You assume a fearsome visage.
The orc wizard looks frightened!
The bullfrog skeleton is unaffected.
The black bear is unaffected.
The bullfrog skeleton stops glowing.
The black bear bites you!
* * * LOW HITPOINT WARNING * * *
The black bear closely misses you. The black bear claws you.
* * * LOW HITPOINT WARNING * * *
The orc wizard mumbles some strange words.
The orc wizard flickers and vanishes!
Deactivating autopickup; reactivate with Ctrl-A.
The black bear bites you.
You die...

#. .. #.# #....#
#.##.# #.##.# #.#..#
#+#
######....#######..##
........<...>@h#....#
##.....####.Z{...#
#..#.## ####..#+
#..#.##### ###
#.....[... ##.#.#####
#.#.# ##.#.#
#....#####


You could see a black bear (berserk) and a bullfrog skeleton.

Vanquished Creatures
  A jelly (D:4)
  2 orc priests (D:3)
  An iguana (D:4)
  An orc wizard (D:3)
  An adder (D:3)
  2 worms (D:2)
  3 dart slugs
  3 orcs (D:3)
  3 ball pythons (D:1)
  6 endoplasms
  4 giant cockroaches
  6 hobgoblins
  7 jackals
  2 quokkas
  4 bats
  2 frilled lizards
  3 goblins
  5 kobolds
  10 rats
66 creatures vanquished.

Notes
Turn   | Place    | Note
-------+----------+-------------------------------------------
     0 | D:1      | RepoMan the Mummy Enchanter began the quest for the Orb.
     0 | D:1      | Reached XP level 1. HP: 13/13 MP: 4/4
   200 | D:1      | Reached skill level 1 in Short Blades
   200 | D:1      | Reached XP level 2. HP: 19/19 MP: 5/5
   445 | D:1      | Learned a level 2 spell: Ensorcelled Hibernation
  1030 | D:1      | You fall into a shaft and drop 1 floor!
  1247 | D:1      | You fall into a shaft and drop 1 floor!
  1287 | D:2      | Reached XP level 3. HP: 24/24 MP: 7/7
  1548 | D:2      | Learned a level 2 spell: Slow
  1862 | D:2      | Found a stormy altar of Qazlal.
  2371 | D:3      | Found a shimmering blue altar of Sif Muna.
  2528 | D:3      | Reached XP level 4. HP: 11/31 MP: 1/9
  2696 | D:3      | Reached skill level 1 in Fighting
  2942 | D:3      | Reached XP level 5. HP: 25/37 MP: 4/10
  3107 | D:3      | Found a stormy altar of Qazlal.
  3360 | D:3      | Found a faded altar of an unknown god.
  3433 | D:3      | Found Hudushreu's Magic Scroll Emporium.
  3440 | D:3      | Became a worshipper of Uskayaw the Reveller
  3440 | D:3      | Reached * piety under Uskayaw
  3455 | D:3      | Bought a scroll of blinking for 82 gold pieces
  3455 | D:3      | Bought a scroll of identify for 22 gold pieces
  3857 | D:4      | Found a snail-covered altar of Cheibriados.
  4214 | D:4      | Noticed a black bear
  4230 | D:4      | Slain by a black bear

Illustrated notes

Levels and vault maps discovered:
D:1:      psy_arrival_whirlpool, layout_basic, minmay_3d_cube
D:2:      layout_loops_ring, basic_altar, minmay_misc_feat_tiny
D:3:      layout_basic, mainiacjoe_overflow_swirl, serial_shops, shop,
          shapermc_ecumenical_altar_mp_highgroup, nicolae_underground_beach
D:4:      minmay_bubble_buster, layout_loops_ring,
          mainiacjoe_overflow_large_starburst, serial_rivers,
          chequers_serial_rivers_micro_e, chequers_serial_rivers_micro_b,
          chequers_serial_rivers_small_b, chequers_serial_rivers_room_a

Skill      XL: |  1  2  3  4 |
---------------+-------------+-----
Short Blades   | 1 |  1.9
Spellcasting   | 3 |  3.8
Stealth        | 3 |  3.5
Hexes          | 3 |  3.9
Fighting       | 1 |  1.7
Dodging        | |  1.5

Action                   |  1- 3 |  4- 6 || total
-------------------------+-------+-------++-------
Melee: Dagger            |   126 |    62 ||   188
 Fire: Hunting sling     |     2 |    10 ||    12
 Cast: Corona            |    17 |     8 ||    25
       Ensorcelled Hiber |    21 |    11 ||    32
Invok: Stomp             |       |     2 ||     2
  Use: Scroll            |       |     4 ||     4
 Stab: Sleeping          |    20 |    11 ||    31
Armor: Robe              |    20 |     3 ||    23
Dodge: Dodged            |    75 |    37 ||   112
Block: Other             |    12 |    11 ||    23
       Reflection        |       |     1 ||     1
